 Dungeon Crawl Stone Soup version 0.20.1-1-g8b1a95d (webtiles) character file.

1534 Kingsmith the Conjurer (level 8, 0/52 HPs)
             Began as a Mummy Conjurer on Dec 6, 2017.
             Was an Initiate of Vehumet.
             Slain by a gnoll
             ... wielding a +0 spear
              (3 damage)
             ... on level 5 of the Dungeon on Dec 7, 2017.
             The game lasted 00:25:30 (9509 turns).

Kingsmith the Conjurer (Mummy Conjurer)             Turns: 9509, Time: 00:25:31

Health: 0/52       AC:  2    Str: 12    XL:     8   Next: 55%
Magic:  4/12       EV: 12    Int: 16    God:    Vehumet [......]
Gold:   266        SH:  0    Dex: 12    Spells: 2/12 levels left

rFire    . . .     SeeInvis .   n - +3 dagger (venom)
rCold    . . .     Gourm    .   (no shield)
rNeg     + + +     Faith    .   a - +0 robe
rPois    ∞         Spirit   .   (no helmet)
rElec    .         Reflect  .   (no cloak)
rCorr    .         Harm     .   (no gloves)
MR       +....                  (no boots)
Stlth    ++........             (no amulet)
Regen    0.2/turn               r - ring of wizardry
MPRegen  0.2/turn               t - ring of fire

@: about to teleport
A: no food or potions, fire vulnerability, cold resistance 1, negative energy
resistance 3, torment resistance, unbreathing
a: Renounce Religion


You were on level 5 of the Dungeon.
You worshipped Vehumet.
Vehumet was noncommittal.
You were not hungry.

You visited 2 branches of the dungeon, and saw 6 of its levels.

You collected 266 gold pieces.

Inventory:

Hand Weapons
 i - a +0 great sword
 n - a +3 dagger of venom (weapon)
Armour
 a - a +0 robe (worn)
 f - +0 fire dragon scales
 m - a +3 chain mail of fire resistance
 s - a +0 buckler
Jewellery
 j - an uncursed ring of flight
 k - an uncursed ring of wizardry
 r - a ring of wizardry (left hand)
 t - a ring of fire (right hand)
Wands
 d - a wand of random effects (29/48)
 l - a wand of iceblast (8/15)
 o - a wand of scattershot (9/9)
 p - a wand of lightning (12/15)
Scrolls
 c - 2 scrolls of magic mapping
 e - 3 scrolls of identify
 g - a scroll of remove curse
 q - a scroll of fog {unknown}
Books
 b - a book of Conjurations

   Spells                             Type                      Level
   a - Magic Dart                     Conjuration                  1
   b - Searing Ray                    Conjuration                  2
   c - Dazzling Spray                 Conjuration/Hexes            3
   d - Fulminant Prism                Conjuration/Hexes            4
   e - Force Lance                    Conjuration/Translocation    4
   f - Iskenderun's Mystic Blast      Conjuration                  4


   Skills:
 + Level 5.7 Armour
 - Level 1.5 Dodging
 - Level 1.5 Stealth
 - Level 2.6 Spellcasting
 - Level 5.7 Conjurations
 - Level 5.1 Hexes


You had 2 spell levels left.
You knew the following spells:

 Your Spells              Type           Power        Failure   Level  Hunger
a - Magic Dart            Conj           ###.         1%          1    N/A
b - Searing Ray           Conj           ###...       1%          2    N/A
c - Dazzling Spray        Conj/Hex       ###...       2%          3    N/A
d - Iskenderun's Mystic   Conj           ###.....     8%          4    N/A

Dungeon Overview and Level Annotations

Branches:
Dungeon (5/15)             Temple (1/1) D:5

Altars:
Ashenzari
Cheibriados
Dithmenos
Elyvilon
Fedhas
Gozag
Hepliaklqana
Kikubaaqudgha
Nemelex Xobeh
Okawaru
Qazlal
Ru
Sif Muna
Trog
Uskayaw
Vehumet
Xom
Yredelemnul
Zin
The Shining One


Innate Abilities, Weirdness & Mutations

You do not eat or drink.
Your flesh is vulnerable to fire.
You are immune to poison.
Your flesh is cold resistant. (rC+)
You are immune to negative energy. (rN+++)
You are immune to unholy pain and torment.
You can survive without breathing.


Message History

The gnoll hits you from afar with a spear.
The searing ray hits the gnoll shaman.
The gnoll shaman is severely wounded.
The gnoll shaman hits you with a whip. The gnoll misses you.
The gnoll hits you!
* * * LOW HITPOINT WARNING * * *
The searing ray hits the gnoll shaman.
You kill the gnoll shaman!
Vehumet accepts your kill.
You finish channeling your searing ray.
The gnoll closely misses you. The gnoll barely misses you.
The gnoll hits you from afar with a spear.
* * * LOW HITPOINT WARNING * * *
The gnoll hits you from afar with a spear!
* * * LOW HITPOINT WARNING * * *
There is an open door here.
As you read the scroll labeled DUPIROCVEN, it crumbles to dust.
You feel strangely unstable.
It was a scroll of teleportation.
The gnoll hits you from afar with a spear.
You die...

...#.<.....# #....#
...#.ZZ....# #....#
...#...gg..# #....#
...#####'############...#
...##.......#.....#.....#
....#.......#...........#
....#.......#...........###
....#.......'......###....#
#)###.......####@####≈....#
..g.....#+###...g..##≈≈..##
........#...#....g.#§≈§..##
........#...#.g....#≈≈≈..≈#
........'...#......##≈.≈≈≈#
........##'##......###..≈##
......g...†)...##### ##.##
.....8.........# ###'###
...............# #8...8#


You could see 3 gnolls.

Vanquished Creatures
  The ghost of ceb the Bolt Thrower, an amateur DsHu (D:4)
  Menkaure (D:5)
  An ice beast (D:5)
  An ogre (D:5)
  A water moccasin zombie (D:5)
  A wyvern skeleton (D:5)
  A bullfrog zombie (D:5)
  A centaur zombie (D:5)
  3 jellies (D:5)
  2 hounds (D:5)
  4 orc priests
  A gnoll shaman (D:5)
  5 orc wizards
  Jessica (D:3)
  Ijyb (D:3)
  Natasha (thrice) (D:3)
  3 worker ants (D:4)
  2 hound zombies (D:5)
  3 worker ant zombies (D:5)
  Robin (D:3)
  2 gnolls (D:5)
  A howler monkey skeleton (D:5)
  7 adders
  3 adder zombies (D:5)
  A worm (D:3)
  2 dart slugs
  21 orcs
  3 ball pythons
  4 bats
  4 giant cockroaches
  16 goblins
  10 hobgoblins
  An iguana (D:5)
  14 jackals
  9 kobolds
  2 quokkas
  2 frilled lizards
  A giant cockroach zombie (D:5)
  A quokka zombie (D:5)
  9 rats
150 creatures vanquished.

Vanquished Creatures (others)
  2 giant cockroaches (D:3)
  4 toadstools (D:1)
6 creatures vanquished.

Grand Total: 156 creatures vanquished

Notes
Turn   | Place    | Note
-------+----------+-------------------------------------------
     0 | D:1      | Kingsmith the Mummy Conjurer began the quest for the Orb.
     0 | D:1      | Reached XP level 1. HP: 13/13 MP: 4/4
   897 | D:1      | Reached skill level 1 in Armour
   897 | D:1      | Reached XP level 2. HP: 19/19 MP: 2/5
  1162 | D:1      | You fall through a shaft!
  1553 | D:1      | Learned a level 2 spell: Searing Ray
  1760 | D:2      | Reached XP level 3. HP: 23/24 MP: 0/7
  2115 | D:2      | Learned a level 3 spell: Dazzling Spray
  2118 | D:2      | Found a shadowy altar of Dithmenos.
  2314 | D:2      | Reached skill level 1 in Hexes
  2488 | D:2      | Found a white marble altar of Elyvilon.
  2642 | D:3      | Found a stormy altar of Qazlal.
  2676 | D:3      | Noticed Ijyb
  2986 | D:3      | Killed Ijyb
  2986 | D:3      | Reached XP level 4. HP: 14/30 MP: 2/8
  3447 | D:3      | Noticed Robin
  3662 | D:3      | Reached XP level 5. HP: 11/35 MP: 3/9
  4005 | D:3      | Noticed Jessica
  4011 | D:3      | Noticed Natasha
  4016 | D:3      | Killed Jessica
  4090 | D:3      | Killed Natasha
  4090 | D:3      | Reached XP level 6. HP: 32/41 MP: 6/10
  4450 | D:3      | Killed Robin
  5004 | D:3      | Noticed Natasha
  5009 | D:3      | Killed Natasha
  5009 | D:3      | Reached skill level 5 in Hexes
  5059 | D:3      | Noticed Natasha
  5068 | D:3      | Killed Natasha
  5300 | D:4      | Learned a level 4 spell: Iskenderun's Mystic Blast
  5512 | D:4      | Noticed ceb's ghost (amateur DsHu)
  6051 | D:4      | Reached XP level 7. HP: 32/46 MP: 5/11
  6217 | D:4      | Found a glowing golden altar of the Shining One.
  6370 | D:4      | Reached skill level 5 in Conjurations
  6673 | D:4      | Killed ceb's ghost
  7234 | D:5      | Entered Level 5 of the Dungeon
  7800 | D:5      | Found a staircase to the Ecumenical Temple.
  7845 | Temple   | Entered the Ecumenical Temple
  7941 | Temple   | Became a worshipper of Vehumet
  8539 | D:5      | Reached XP level 8. HP: 24/52 MP: 1/12
  8929 | D:5      | Found a shimmering altar of Xom.
  9143 | D:5      | Noticed Menkaure
  9154 | D:5      | Killed Menkaure
  9177 | D:5      | Reached skill level 5 in Armour
  9509 | D:5      | Slain by a gnoll

Skill      XL: |  1  2  3  4  5  6  7  8 |
---------------+-------------------------+-----
Armour         | 1 3 5 |  5.7
Conjurations   | 4 5 |  5.7
Hexes          | 2 3 4 5 |  5.1
Dodging        | |  1.5
Stealth        | |  1.5
Spellcasting   | |  2.6

Action                   |  1- 3 |  4- 6 |  7- 9 || total
-------------------------+-------+-------+-------++-------
Melee: Short sword       |    86 |     5 |       ||    91
       Dagger            |       |   108 |    49 ||   157
 Cast: Magic Dart        |    60 |    58 |    53 ||   171
       Searing Ray       |     6 |    14 |    29 ||    49
       Iskenderun's Myst |       |       |     1 ||     1
  Use: Scroll            |       |       |     9 ||     9
 Stab: Sleeping          |     2 |     1 |     1 ||     4
       Distracted        |       |       |     1 ||     1
Armor: Fire dragon scale |    46 |       |       ||    46
       Robe              |    16 |    10 |    13 ||    39
Dodge: Dodged            |    94 |   102 |   101 ||   297
